 Dungeon Crawl Stone Soup version 0.32-a0-673-g3729bd50f8 (webtiles) character file.

Game seed: 12348081725995937258

232738 Filo the Axe Maniac (level 18, -2/187 HPs)
             Began as a Minotaur Berserker on Mar 10, 2024.
             Was a High Priest of Trog.
             Slain by a hell beast (10 damage)
             ... summoned by Geryon
             ... in the Vestibule of Hell.
             The game lasted 02:15:18 (32189 turns).

Filo the Axe Maniac (Minotaur Berserker)           Turns: 32189, Time: 02:15:19

Health: -2/187     AC: 28    Str: 35    XL:     18   Next: 83%
Magic:  17/17      EV: 16    Int:  4    God:    Trog [*****.]
Gold:   2281       SH:  0    Dex: 10    Spells: 17/17 levels left

rFire   + + .        L - +9 battleaxe (vamp)
rCold   + . .        (shield currently unavailable)
rNeg    + . .        V - +4 chain mail "Nedwuvirr" {^Drain rF++ rN+}
rPois   +            (helmet restricted)
rElec   .            d - scarf {repulsion}
rCorr   .            (no gloves)
SInv    .            a - +2 pair of boots
Will    +++..        b - amulet "Geah" {Acrobat rPois Str+3} Stlth
                     I - ring of Jookhluse {rC+ AC+4}
HPRegen 1.51/turn    e - ring of Ehofacw {EV+5 Str+2}
MPRegen 0.15/turn

%: repel missiles, acrobat
@: mighty, silenced, strong-willed, on berserk cooldown, regenerating, hasted
and slowed
A: horns 2, retaliatory headbutt, devolution 1
}: 1/15 runes: serpentine
a: Renounce Religion


You were in the Vestibule of Hell.
You worshipped Trog.
Trog was extremely pleased with you.
You visited 8 branches of the dungeon, and saw 32 of its levels.

You collected 2734 gold pieces.
You spent 453 gold pieces at shops.

Inventory:

Hand Weapons
 y - the +4 hand axe "Melut" {freeze, rElec rC+}
   (You found it on level 12 of the Dungeon)

   rC+:       It protects you from cold.
   rElec:     It insulates you from electricity.
 L - a +9 vampiric battleaxe (weapon)
 O - a +5 halberd of freezing
 P - a +5 antimagic executioner's axe
 U - a +3 battleaxe of flaming
Armour
 a - a +2 pair of boots (worn)
 d - a scarf of repulsion (worn)
 r - the +3 hat of Pondering {ponderous, Will+ MP+10 Int+5}
   (You took it off Gastronok on level 1 of the Lair of Beasts)

   Int+5:     It affects your intelligence (+5).
   Will+:     It increases your willpower.
   MP+10:     It affects your magic capacity (+10).
 V - the +4 chain mail "Nedwuvirr" (worn) {^Drain rF++ rN+}
   (You found it on level 2 of the Snake Pit)

   rF++:      It greatly protects you from fire.
   rN+:       It protects you from negative energy.
   ^Drain:    It drains your maximum health when unequipped.
Jewellery
 b - the amulet "Geah" (around neck) {Acrobat rPois Str+3}
   (You found it on level 9 of the Dungeon)

   [amulet of the acrobat]

   Acrobat:   It increases your evasion while moving and waiting.
   Str+3:     It affects your strength (+3).
   rPois:     It protects you from poison.
 e - the ring of Ehofacw (right hand) {EV+5 Str+2}
   (You acquired it on level 15 of the Dungeon)

   [ring of evasion]

   EV+5:      It affects your evasion (+5).
   Str+2:     It affects your strength (+2).
 n - a +4 ring of protection
 w - a ring of resist corrosion
 z - the ring of Xom's Malicious Joy {Fly rPois Int+3}
   (You found it on level 1 of the Snake Pit)

   [ring of flight]

   Int+3:     It affects your intelligence (+3).
   rPois:     It protects you from poison.
   Fly:       It grants you flight.
 A - the ring of Lietageo {Ice *Corrode Str+8}
   (You took it off a naga on level 1 of the Snake Pit)

   [ring of ice]

   Ice:       It enhances your ice magic.
   Str+8:     It affects your strength (+8).
   rF-:       It makes you vulnerable to fire.
   rC+:       It protects you from cold.
   *Corrode:  It may corrode you when you take damage.
 F - a ring of protection from cold
 I - the ring of Jookhluse (left hand) {rC+ AC+4}
   (You found it on level 3 of the Snake Pit)

   [ring of protection]

   AC+4:      It affects your AC (+4).
   rC+:       It protects you from cold.
 X - the ring of Tuon {rF+ rN+}
   (You found it on level 5 of the Lair of Beasts)

   [ring of positive energy]

   rF+:       It protects you from fire.
   rN+:       It protects you from negative energy.
Talismans
 i - a storm talisman
Wands
 o - a wand of digging (4)
 t - a wand of warping (39)
 x - a wand of mindburst (23)
 C - a wand of acid (11)
 D - a wand of flame (61)
 H - a wand of paralysis (20)
 Z - a wand of polymorph (5)
Scrolls
 g - 2 scrolls of enchant armour
 j - 2 scrolls of revelation
 m - 2 scrolls of blinking
 q - a scroll of summoning
 s - 3 scrolls of torment
 B - a scroll of poison
 E - 14 scrolls of teleportation
 K - 2 scrolls of fog
 S - a scroll of silence
 Y - a scroll of immolation
Potions
 c - 3 potions of curing
 f - 4 potions of cancellation
 h - a potion of might
 k - 2 potions of haste
 l - 5 potions of enlightenment
 u - 5 potions of attraction
 v - 5 potions of lignification
 G - 6 potions of mutation
 J - 2 potions of berserk rage
 M - a potion of resistance
 N - 5 potions of ambrosia
 T - 7 potions of brilliance
 W - 2 potions of magic
Miscellaneous
 p - a phantom mirror
 Q - a lightning rod (4/4)
 R - a box of beasts


   Skills:
 * Level 22.9 Fighting
 O Level 27 Axes
 + Level 22.6 Armour
 + Level 4.7 Dodging


You had 17 spell levels left.
You didn't know any spells.
Your spell library contained the following spells:

 Spells                   Type           Power      Damage    Failure   Level
 Animate Armour           Summ/Erth      0%         N/A       100%        4
 Summon Lightning Spire   Summ/Air       0%         N/A       100%        4
 Lee's Rapid Deconstruct  Erth           0%         3d4*      100%        5


Dungeon Overview and Level Annotations

Branches:
Dungeon (15/15)            Temple (1/1) D:5            Lair (5/5) D:10
 Shoals (0/4) Lair:2        Snake (4/4) Lair:2        Slime (0/5) Lair:4
    Orc (2/2) D:10            Elf (1/3) Orc:2        Vaults (0/5) D:13
 Depths (3/4) D:15           Hell (1/1)
    Dis: Hell:1         Geh: Hell:1         Coc: Hell:1         Tar: Hell:1

Altars:
Ashenzari
Cheibriados
Dithmenos
Elyvilon
Fedhas
Gozag
Hepliaklqana
Kikubaaqudgha
Makhleb
Nemelex Xobeh
Okawaru
Qazlal
Ru
Sif Muna
Trog
Uskayaw
Vehumet
Wu Jian
Xom
Yredelemnul
Zin
The Shining One
Jiyva

Shops:
D:8 =   Orc:2 [?***

Portals:
Hell: Depths:1 Depths:3
Abyss: Depths:1

Annotations:
Lair:1 2 transporters, shadizar's ghost, journeyman GrEE
Lair:5 1 transporter, Nessos
Depths:2 exclusion: orange crystal statue
Hell Geryon


Innate Abilities, Weirdness & Mutations

You have a pair of horns on your head.
You reflexively headbutt those who attack you in melee.
You have hidden genetic defects.


Message History

The spriggan defender zombie misses you.
You furiously retaliate!
You headbutt the spriggan defender zombie!!
The hell beast bites you!
* * * LOW HITPOINT WARNING * * *
The hell beast completely misses you.
A fire giant zombie comes into view.
The orange demon stings you but does no damage. x3
A blizzard demon comes into view.
The hell beast bites you but does no damage.
The hell beast tramples you but does no damage.
The hell beast bites you but does no damage.
The hell beast tramples you but does no damage.
The spriggan defender zombie barely misses you.
The hell beast bites you but does no damage.
The hell beast tramples you.
* * * LOW HITPOINT WARNING * * *
You hold your ground!
You slice the hell beast!!
The hell beast is moderately wounded.
You hit the hell beast. You slice the hell beast!!
You kill the hell beast!
The hell beast disappears in a puff of smoke!
You miss the spriggan defender zombie. You slash the hell beast!
The hell beast bites you but does no damage.
The hell beast closely misses you. The orange demon barely misses you.
The orange demon misses you.
The hell beast bites you but does no damage.
The hell beast tramples you.
* * * LOW HITPOINT WARNING * * *
You hold your ground!
The orange demon completely misses you.
You open the searing wretch like a pillowcase!!!
The searing wretch is moderately damaged.
You slash the hell beast! You barely miss the necromancer.
You slash the hell beast! The hell beast bites you.
* * * LOW HITPOINT WARNING * * *
The hell beast misses you.
An ettin zombie comes into view.
The hell beast bites you!
You die...

.Z #Z.Z ##Z..
##.rZz # #.#Z#Z#.
###....r###
#.....Zrp.# #
.#...#Z#42@#.#
#......n4n2Z#.##~
....∩.∩224.2....
#......Z†Z&.#..~.
...#..∩..#........
#...........#.##~≈
#...#.#...#.## ≈
#.........###
###.....###


You could see Geryon, 2 searing wretches, 4 hell beasts, a revenant, a blizzard
demon (unsilenced), 3 orange demons, a necromancer, 3 hell rats, a six-headed
hydra zombie, 2 shadow dragon zombies, an emperor scorpion zombie, a spriggan
defender zombie, an ettin zombie (wandering), a fire giant zombie, a frost giant
zombie, a shadow dragon skeleton and a bunyip skeleton.

Vanquished Creatures
  Norris (Depths:1)
  Jorgrun (D:13)
  Rupert (Lair:3)
  A lich (Depths:1)
  A sphinx (Depths:1)
  Gastronok (Lair:1)
  4 nagarajas
  A frost giant (D:13)
  3 fire giants
  A spectral caustic shrike (Depths:2)
  A cacodemon (Hell)
  A balrug (Depths:1)
  2 stone giants (Depths:1)
  3 very ugly things
  A caustic shrike skeleton (Hell)
  2 spark wasps (Depths:1)
  2 ettins
  A spectral golden dragon (Depths:2)
  3 spectral tengu (Depths:2)
  3 fire dragons
  A great orb of eyes (D:15)
  5 hydras
  3 spectral spriggans (Depths:2)
  An ice dragon (Depths:1)
  3 salamander tyrants (Snake:4)
  2 rakshasas
  A spectral sphinx (Depths:2)
  4 ogre magi (Orc:2)
  5 centaur warriors
  A spriggan air mage (Depths:2)
  14 anacondas
  5 boulder beetles
  2 spectral frost giants (Depths:2)
  2 catoblepae
  A spectral fire giant (Depths:2)
  A spriggan skeleton (Hell)
  2 spectral stone giants (Depths:2)
  23 two-headed ogres
  18 naga sharpshooters
  3 tengu warriors
  8 death yaks
  A demonic crawler (Hell)
  2 vampire magi (Depths:2)
  15 naga warriors
  The ghost of NotYourErnst the Thaumaturge, a novice DjCj of Ashenzari (D:8)
  3 soul eaters
  3 skeletal warriors (D:13)
  3 sun demons
  10 shock serpents
  5 salamander mystics
  A sixfirhy (D:12)
  4 skysharks
  A storm dragon skeleton (Hell)
  Lodul (D:11)
  A glowing orange brain (Depths:1)
  An orb spider (shapeshifter) (D:15)
  A spectral iron dragon (Depths:2)
  A phantasmal warrior (Depths:2)
  9 naga ritualists
  22 mana vipers
  5 lindwurms
  2 large abominations (D:12)
  Pikel (D:5)
  An obsidian statue (D:12)
  3 deep elf pyromancers
  A manticore (D:14)
  A necromancer (Depths:1)
  2 orc knights
  A sphinx simulacrum (Depths:2)
  13 ugly things
  A spectral ettin (Depths:2)
  A fire giant zombie (Hell)
  26 salamanders
  4 cyclopes
  A kobold blastminer (Orc:1)
  11 elephants (Lair:5)
  2 rust devils
  3 meliai (D:15)
  50 black mambas
  A dire elephant zombie (Hell)
  A torpor snail (Lair:3)
  12 guardian serpents
  A gargoyle (D:12)
  13 cane toads
  14 naga magi
  2 kobold demonologists (D:11)
  3 rime drakes
  7 komodo dragons
  An unseen horror (shapeshifter) (D:15)
  An unseen horror (D:12)
  An efreet (D:13)
  A tengu conjurer (Depths:1)
  A freezing wraith (Hell)
  A spectral glowing shapeshifter (Depths:2)
  A spectral human (Depths:2)
  3 trolls
  A harpy zombie (Hell)
  A queen bee (Lair:2)
  25 blink frogs
  32 slime creatures
  8 dream sheep
  A ynoxinul (D:8)
  A centaur simulacrum (D:13)
  3 water elementals
  4 wraiths
  Eustachio (D:6)
  3 wyverns
  5 basilisks
  2 steam dragons
  2 fire elementals
  53 yaks
  3 wargs
  A neqoxec (D:12)
  8 vampire mosquitoes
  A chaos spawn (D:12)
  3 acid dragons
  34 nagas
  19 water moccasins
  A hell hound (Hell)
  An ice beast (D:7)
  13 orc warriors
  7 black bears
  A swamp dragon zombie (Hell)
  25 wolves
  32 ogres
  13 centaurs
  2 lemures (D:5)
  7 kobold brigands
  A gnoll sergeant (D:9)
  13 bullfrogs
  2 scorpions
  24 wights
  30 killer bees
  3 howler monkeys
  7 electric eels
  A crimson imp (D:12)
  2 bombardier beetles
  A gnoll bouda (D:9)
  2 hounds (D:5)
  8 jellies
  10 orc priests
  An iron imp (D:12)
  Ijyb (D:5)
  3 sleepcaps
  Terence (D:2)
  3 hell rats (Hell)
  An iguana (D:5)
  11 orc wizards
  10 gnolls
  5 adders
  2 shadow imps
  4 white imps
  3 ufetubi
  2 dart slugs
  2 ribbon worms (D:4)
  46 orcs
  6 bats
  8 endoplasms
  3 giant cockroaches
  4 goblins
  6 hobgoblins
  5 jackals
  2 quokkas (D:4)
  9 ball pythons
  3 frilled lizards
  23 kobolds
  2 rats (D:2)
1000 creatures vanquished.

Vanquished Creatures (collateral kills)
  2 anacondas (Snake:2)
  2 two-headed ogres (Orc:2)
  A naga warrior (Snake:1)
  8 naga sharpshooters
  An obsidian statue (Snake:3)
  An orc sorcerer (Orc:1)
  3 salamanders (Snake:2)
  A guardian serpent (Snake:1)
  A naga mage (Snake:2)
  2 smoke demons (Depths:1)
  5 nagas (Snake:1)
  2 orc warriors (Orc:1)
  An orc priest (Orc:1)
  2 orcs (Orc:1)
32 creatures vanquished.

Vanquished Creatures (others)
  A fire dragon (Depths:1)
  A centaur warrior (D:13)
  An ugly thing (Depths:1)
  A salamander (Snake:4)
  A naga (Snake:2)
  A kobold (D:11)
  2 foxfires (D:8)
8 creatures vanquished.

Grand Total: 1040 creatures vanquished

Notes
Turn   | Place    | Note
-------+----------+-------------------------------------------
     0 | D:1      | Filo the Minotaur Berserker began the quest for the Orb.
     0 | D:1      | Reached XP level 1. HP: 19/19 MP: 0/0
   112 | D:1      | Reached XP level 2. HP: 26/27 MP: 1/1
   431 | D:1      | Reached skill level 4 in Axes
   567 | D:2      | Noticed Terence
   576 | D:2      | Killed Terence
   576 | D:2      | Reached ** piety under Trog
   577 | D:2      | Reached XP level 3. HP: 19/33 MP: 2/2
  1016 | D:2      | Reached XP level 4. HP: 33/41 MP: 3/3
  1530 | D:3      | Found a blossoming altar of Fedhas.
  1560 | D:3      | Reached XP level 5. HP: 12/47 MP: 4/4
  2112 | D:3      | Found a sacrificial altar of Ru.
  2250 | D:4      | Reached *** piety under Trog
  2269 | D:4      | Reached skill level 5 in Axes
  2319 | D:4      | Noticed a black bear
  2365 | D:4      | Killed a black bear
  2366 | D:4      | Reached skill level 6 in Axes
  2366 | D:4      | Reached XP level 6. HP: 46/55 MP: 5/5
  2699 | D:4      | Found a bloodstained altar of Trog.
  2707 | D:4      | Reached skill level 7 in Axes
  2713 | D:4      | Reached XP level 7. HP: 40/60 MP: 6/6
  2892 | D:4      | Reached skill level 8 in Axes
  3206 | D:4      | Identified a scroll of acquirement
  3206 | D:4      | Acquired a manual of Axes
  3225 | D:5      | Entered Level 5 of the Dungeon
  3271 | D:5      | Reached skill level 5 in Fighting
  3321 | D:5      | Found a broken altar of Ashenzari.
  3342 | D:5      | Reached skill level 9 in Axes
  3370 | D:5      | Found a staircase to the Ecumenical Temple.
  3393 | D:5      | Reached skill level 10 in Axes
  3393 | D:5      | Reached XP level 8. HP: 51/69 MP: 7/7
  3461 | Temple   | Entered the Ecumenical Temple
  3575 | D:5      | Reached skill level 5 in Armour
  3817 | D:5      | Noticed Ijyb
  3827 | D:5      | Killed Ijyb
  3828 | D:5      | Reached skill level 11 in Axes
  4013 | D:5      | Noticed Pikel
  4036 | D:5      | Killed Pikel
  4037 | D:5      | Reached skill level 12 in Axes
  4423 | D:6      | Found a stormy altar of Qazlal.
  4832 | D:6      | Noticed Eustachio
  4839 | D:6      | Reached skill level 13 in Axes
  4843 | D:6      | Killed Eustachio
  4843 | D:6      | Reached **** piety under Trog
  4844 | D:6      | Reached XP level 9. HP: 62/79 MP: 8/8
  5311 | D:7      | Reached skill level 14 in Axes
  5858 | D:7      | Reached skill level 15 in Axes
  6448 | D:8      | Found a runed translucent door.
  6455 | D:8      | Noticed NotYourErnst's ghost (novice DjCj)
  6651 | D:8      | Found Jafeclia's Jewellery Emporium.
  6674 | D:8      | Noticed a two-headed ogre
  6678 | D:8      | Killed a two-headed ogre
  6679 | D:8      | Reached XP level 10. HP: 54/91 MP: 9/9
  6957 | D:8      | Noticed a two-headed ogre
  6967 | D:8      | Killed a two-headed ogre
  6968 | D:8      | Reached skill level 10 in Fighting
  7117 | D:8      | Reached skill level 10 in Armour
  7131 | D:8      | Identified the staff of Toko {rPois rN+ Dex+3 SInv Alchemy}
  7210 | D:8      | Found a glowing silver altar of Zin.
  7398 | D:9      | Found a shadowy altar of Dithmenos.
  7456 | D:9      | Noticed a two-headed ogre
  7461 | D:9      | Killed a two-headed ogre
  7542 | D:9      | Found a basalt altar of Yredelemnul.
  7594 | D:9      | Reached ***** piety under Trog
  7792 | D:9      | Reached XP level 11. HP: 52/104 MP: 10/10
  8442 | D:9      | Identified the amulet "Geah" {Acrobat rPois Str+3}
  8663 | D:10     | Entered Level 10 of the Dungeon
  8869 | D:10     | Found a staircase to the Lair.
  8885 | D:10     | Received a gift from Trog
  9574 | D:10     | Found a staircase to the Orcish Mines.
  9701 | Orc:1    | Entered Level 1 of the Orcish Mines
  9701 | Orc:1    | Noticed an orc knight
  9701 | Orc:1    | Noticed an orc sorcerer
  9779 | Lair:1   | Entered Level 1 of the Lair of Beasts
 10506 | Lair:1   | Noticed Gastronok
 10519 | Lair:1   | Killed Gastronok
 10520 | Lair:1   | Reached XP level 12. HP: 93/118 MP: 11/11
 10680 | Lair:1   | Noticed shadizar's ghost (journeyman GrEE)
 10850 | Lair:1   | Found a transporter.
 10852 | Lair:1   | Found a transporter.
 11333 | Lair:2   | Found a staircase to the Snake Pit.
 11389 | Lair:2   | Reached skill level 15 in Fighting
 11403 | Lair:2   | Found a staircase to the Shoals.
 11428 | Lair:2   | Reached skill level 15 in Armour
 11917 | Lair:2   | Noticed a catoblepas
 11925 | Lair:2   | Killed a catoblepas
 12144 | Lair:3   | Reached ****** piety under Trog
 12257 | Lair:3   | Received a gift from Trog
 12504 | Lair:3   | Reached XP level 13. HP: 130/130 MP: 7/12
 12852 | Lair:3   | You fall into a shaft and drop 2 floors!
 12852 | Lair:5   | Entered Level 5 of the Lair of Beasts
 12860 | Lair:5   | Reached skill level 16 in Axes
 13134 | Lair:5   | Received a gift from Trog
 13204 | Lair:5   | Reached skill level 17 in Axes
 13448 | Lair:5   | Found the crystal ball of Wucad Mu {*channel}
 13490 | Lair:5   | Reached skill level 18 in Axes
 13695 | Lair:5   | Found a transporter.
 13698 | Lair:5   | Identified the ring of Tuon {rF+ rN+}
 13745 | Lair:5   | Noticed Nessos
 14501 | Lair:3   | Noticed Rupert
 14511 | Lair:3   | Killed Rupert
 14512 | Lair:3   | Reached skill level 19 in Axes
 14598 | Lair:4   | Reached XP level 14. HP: 141/141 MP: 13/13
 14842 | Lair:4   | Found a staircase to the Slime Pits.
 14842 | Lair:4   | Found a viscous altar of Jiyva.
 16514 | Orc:1    | Received a gift from Trog
 16783 | Orc:2    | Entered Level 2 of the Orcish Mines
 16913 | Orc:2    | Found Miprafra's Armour Emporium.
 16969 | Orc:2    | Reached skill level 20 in Axes
 17007 | Orc:2    | Found Awox's General Store.
 17009 | Orc:2    | Found Qoereked's Magic Scroll Emporium.
 17009 | Orc:2    | Found Tider's General Store.
 17009 | Orc:2    | Found Limyegoo's General Store.
 17055 | Orc:2    | Bought a potion of heal wounds for 75 gold pieces
 17057 | Orc:2    | Bought a scroll of identify for 32 gold pieces
 17149 | Orc:2    | Found a staircase to the Elven Halls.
 17626 | Orc:2    | Bought a scroll of teleportation for 48 gold pieces
 17626 | Orc:2    | Bought a potion of might for 64 gold pieces
 17627 | Orc:2    | Bought a scroll of identify for 26 gold pieces
 17627 | Orc:2    | Bought a scroll of identify for 26 gold pieces
 17627 | Orc:2    | Bought a scroll of identify for 26 gold pieces
 17632 | Orc:2    | Bought a scarf of repulsion for 156 gold pieces
 17876 | Elf:1    | Entered Level 1 of the Elven Halls
 18029 | Snake:1  | Entered Level 1 of the Snake Pit
 18165 | Snake:1  | Reached skill level 21 in Axes
 18165 | Snake:1  | Reached XP level 15. HP: 132/151 MP: 14/14
 18176 | Snake:1  | Received a gift from Trog
 18735 | Snake:2  | Identified the +4 chain mail "Nedwuvirr" {^Drain rF++ rN+}
 19069 | Snake:2  | Received a gift from Trog
 19070 | Snake:2  | Reached skill level 22 in Axes
 19599 | Snake:1  | Identified the ring of Lietageo {Ice *Corrode Str+8}
 19884 | Snake:1  | Identified the ring of Xom's Malicious Joy {Fly rPois
                  | Int+3}
 20359 | Snake:2  | Reached XP level 16. HP: 162/162 MP: 10/15
 20622 | Snake:3  | Reached skill level 23 in Axes
 21251 | Snake:3  | Found a transporter.
 21303 | Snake:3  | Found a transporter.
 21742 | D:8      | Killed NotYourErnst's ghost
 21924 | D:10     | Upgraded the game from 0.32-a0-665-g3d30ec2550 to
                  | 0.32-a0-673-g3729bd50f8
 22067 | Snake:4  | Entered Level 4 of the Snake Pit
 22609 | Snake:4  | Reached skill level 24 in Axes
 22950 | Snake:4  | Reached XP level 17. HP: 171/172 MP: 16/16
 23124 | Snake:4  | Got a serpentine rune of Zot
 23576 | Snake:3  | Identified the ring of Jookhluse {rC+ AC+4}
 24199 | D:11     | Received a gift from Trog
 24309 | D:11     | Identified the +4 scimitar of the Sixty-Six Leylines
                  | {venom, rF+ Will+}
 24420 | D:11     | Reached skill level 25 in Axes
 25123 | D:11     | Noticed Lodul
 25129 | D:11     | Killed Lodul
 25430 | D:12     | Identified the +4 hand axe "Melut" {freeze, rElec rC+}
 26570 | D:13     | Noticed Jorgrun
 26587 | D:13     | Killed Jorgrun
 27154 | D:13     | Found a gate to the Vaults.
 27622 | D:14     | Received a gift from Trog
 27644 | D:14     | Identified the +2 sling of the Breathing Traitor {flame,
                  | Dex+2}
 28315 | D:15     | Entered Level 15 of the Dungeon
 28339 | D:15     | Reached skill level 26 in Axes
 28362 | D:15     | Reached XP level 18. HP: 184/184 MP: 17/17
 28752 | D:15     | Acquired the ring of Ehofacw {EV+5 Str+2}
 28832 | D:15     | Found a white marble altar of Elyvilon.
 28832 | D:15     | Found a glowing golden altar of the Shining One.
 28833 | D:15     | Found a glowing silver altar of Zin.
 29179 | D:15     | Found a staircase to the Depths.
 29258 | Depths:1 | Entered Level 1 of the Depths
 29266 | Depths:1 | Noticed Norris
 29387 | Depths:1 | Killed Norris
 29520 | Depths:1 | Received a gift from Trog
 30371 | Depths:1 | Found a gateway to Hell.
 30430 | Depths:1 | Found a one-way gate to the infinite horrors of the Abyss.
 30620 | Depths:1 | Noticed a lich
 30628 | Depths:1 | Killed a lich
 31400 | Depths:1 | Reached skill level 27 in Axes
 32153 | Hell     | Entered the Vestibule of Hell
 32153 | Hell     | Noticed Geryon
 32182 | Hell     | Gained mutation: You have hidden genetic defects. [a
                  | cacodemon]
 32189 | Hell     | HP: 8/187 [hell beast[Geryon] (3)]
 32189 | Hell     | Slain by a hell beast

Illustrated notes

Levels and vault maps discovered:
D:1:      shiori_arrival_maze, layout_rooms, minivault_4
D:2:      minmay_inner_zag, layout_loops_ring, uniq_terence
D:3:      layout_rooms, mainiacjoe_overflow_tiny_flanked, fedhas_altar_2
D:4:      minmay_thick_lines, layout_basic, trog_ov_bears_minmay
D:5:      layout_basic, nicolae_overflow_crystal_walls,
          minmay_temple_entry_sparse_star, uniq_pikel, uniq_ijyb
D:6:      layout_basic, nicolae_qazlal_scattered_showers, nicolae_titane,
          uniq_eustachio
D:7:      layout_basic
D:8:      minmay_clustersquares, layout_rooms, amcnicky_altar_gilded,
          serial_shops, nicolae_shop_hallway_stairs, hellmonk_ghost_big_iron,
          feat_on_display
D:9:      layout_irregular_city, nicolae_dithmenos_the_darkroom,
          mainiacjoe_overflow_brackets
D:10:     layout_stronghold, erik_lair_orcish_takeover, orc_0_dummy
D:11:     layout_layer_cave, serial_bayou, serial_bayou_shore_b,
          serial_bayou_pond_d, serial_bayou_shore_a, serial_bayou_crossing,
          serial_bayou_pond_d, kennysheep_generic_room_4, uniq_lodul
D:12:     layout_irregular_city, hangedman_devilish_allure
D:13:     layout_rooms, hellmonk_vaults_attempted_burglary,
          kennysheep_small_square, uniq_jorgrun
D:14:     layout_rooms, minmay_misc_feat_chi
D:15:     gammafunk_enter_depths_forms, layout_basic, good_gods_mini_temple
Temple:   minmay_temple_curvy_branch
Lair:1:   layout_long_grid, gammafunk_ghost_hive, uniq_gastronok
Lair:2:   layout_hall_layers, minmay_shoals_entry_centaurs,
          minmay_snake_entry_guardpost_small, special_room [special_room_bee]
Lair:3:   layout_loops_ring, beast_lair_carwin_1, grunt_megastairs_4,
          lemuel_fruit_tree, uniq_rupert
Lair:4:   layout_cave_pods, minmay_slime_entry_pillars,
          infiniplex_staircase_pool
Lair:5:   grunt_lair_end_beastmaster, layout_gridlike,
          gammafunk_ghost_wrathful_warriors, uniq_nessos
Snake:1:  layout_misc_corridors, nicolae_snake_storage_room
Snake:2:  layout_rooms, serial_bayou_shore_b, grunt_megastairs_5
Snake:3:  gammafunk_sealed_arena, layout_rooms, drop_trap
Snake:4:  snake_pit_salamanders_mu, layout_misc_corridors,
          nrook_guardian_serpent_ordinary
Orc:1:    layout_caves, uniq_snorg
Orc:2:    st_orc_ogre_mass, layout_caves, serial_shops,
          nicolae_shop_pleasant_corner_grove
Elf:1:    nicolae_elf_arrival_fired_up, layout_loops_corners, serial_shops,
          nicolae_shop_trees, guppyfry_elf_altar,
          serial_library_hellmonk_small_alcove
Depths:1: layout_basic, lightli_too_deep, minmay_misc_feat_four_crosses,
          abyss_entry, kennysheep_path_1, hangedman_decor_peaks_small,
          minmay_statues_item, skrybe_limestone_x, minmay_misc_feat_five,
          lemuel_flamethrower_hall, uniq_norris
Depths:2: lemuel_river_lethe, hell_entry, pan_entry
Depths:3: minmay_guarded_unrand_majin_bo, layout_cave_shapes, hell_entry,
          abyss_entry, nrook_mini_backslash, elyvilon_altar_5,
          grunt_megastairs_3
Hell

Skill      XL: |  1  2  3  4  5  6  7  8  9 10 11 12 13 14 15 16 17 18 |
---------------+-------------------------------------------------------+-----
Axes           | 4 6 7 10 13 15 19 21 22 24 26 27 | 27.0
Fighting       | 4 5 7 9 11 14 16 17 18 19 20 21 22 | 22.9
Armour         | 3 4 6 9 11 14 16 17 18 19 20 21 22 | 22.6
Dodging        | 3 4 |  4.7

Action                     |  1- 3 |  4- 6 |  7- 9 | 10-12 | 13-15 | 16-18 || total
---------------------------+-------+-------+-------+-------+-------+-------++-------
  Melee: Hand axe          |    53 |   120 |   154 |       |       |       ||   327
         Headbutt          |     8 |    21 |    48 |    53 |   133 |   240 ||   503
         Battleaxe         |       |       |    70 |   303 |   409 |   962 ||  1744
         Executioner's axe |       |       |       |    40 |   131 |       ||   171
 Invoke: Brothers in Arms  |       |       |       |       |    15 |     7 ||    22
         Trog's Hand       |       |       |       |       |     6 |     9 ||    15
         Berserk           |       |       |       |       |     4 |     8 ||    12
  Evoke: Wand              |       |       |       |       |     4 |       ||     4
    Use: Scroll            |       |     5 |    11 |     6 |    14 |     9 ||    45
         Potion            |       |     1 |       |     2 |     4 |     4 ||    11
   Stab: Sleeping          |     2 |       |       |       |       |       ||     2
         Petrified         |       |       |       |    12 |       |       ||    12
         Petrifying        |       |       |       |     1 |       |       ||     1
         Distracted        |       |       |       |       |       |     2 ||     2
         Confused          |       |       |       |       |       |     1 ||     1
 Armour: Animal skin       |    29 |    32 |       |       |       |       ||    61
         Ring mail         |       |    54 |       |       |       |       ||    54
         Plate armour      |       |       |   184 |   342 |   401 |       ||   927
         Chain mail        |       |       |       |       |   193 |  1074 ||  1267
  Dodge: Dodged            |    35 |    92 |    84 |   229 |   380 |   805 ||  1625
         Repelled          |       |       |       |       |    58 |   127 ||   185
  Block: Buckler           |       |       |    22 |       |       |       ||    22

Table legend: (Time is in decaauts)
 A = Elapsed time spent in this place.
 B = Non-inter-level travel time spent in this place.
 C = Inter-level travel time spent in this place.
 D = Time resting spent in this place.
 E = Time spent auto-exploring this place.
 F = Levels seen in this place.
 G = Mean time per level.
                   A        B        C        D        E       F      G
               +--------+--------+--------+--------+--------+-----+--------+
         Total |  33053 |  31508 |   1545 |  10354 |  12140 |  32 | 1032.9 |
       Dungeon |  16566 |  15676 |    890 |   4639 |   7506 |  15 | 1104.4 |
        Temple |      1 |      1 |      0 |      0 |      0 |   1 |    1.0 |
          Lair |   7021 |   6696 |    325 |   2712 |   2583 |   5 | 1404.2 |
     Snake Pit |   5208 |   5096 |    112 |   1616 |    983 |   4 | 1302.0 |
  Orcish Mines |   1520 |   1434 |     86 |    196 |    712 |   2 |  760.0 |
   Elven Halls |      1 |      1 |      0 |      0 |      0 |   1 |    1.0 |
        Depths |   2709 |   2578 |    131 |   1189 |    354 |   3 |  903.0 |
          Hell |     23 |     23 |      0 |      0 |      0 |   1 |   23.0 |
               +--------+--------+--------+--------+--------+-----+--------+

Top non-repeatable levels by time:
Depths:1: 2292 daAuts
  Lair:4: 2255 daAuts
    D:10: 1813 daAuts
    D:11: 1571 daAuts
  Lair:1: 1459 daAuts
 Snake:2: 1448 daAuts
 Snake:1: 1406 daAuts
     D:7: 1394 daAuts
 Snake:4: 1385 daAuts
     D:9: 1322 daAuts
    D:13: 1293 daAuts
  Lair:2: 1202 daAuts
   Orc:2: 1198 daAuts
    D:15: 1181 daAuts
    D:12: 1141 daAuts
